AoeStats
← Bandolero

Arabia

508275944Analyzed
1v1 RM · 10d ago on Sep 21, 2026· 34m 3s· 2 players
Game mode
Random Map
Map size
Tiny (2 player)
Population
200
Speed
Normal
Resources
Standard
Victory
Conquest
Starting age
Dark Age
Ending age
Imperial Age
RankedLock teamsTeams togetherTeam positionsShared explorationLock speedFull tech treeHidden civsTurbo modeCheats
Victory
Defeat
🇩🇪 Franks · Germany
1366
+17
🇦🇷 Maya · Argentina
1377
-17
Pinut
7:10 Loom
10:00 Feudal Age
10:14 Man-at-Arms
16:09 Double-Bit Axe
18:43 Wheelbarrow
21:37 Castle Age
21:10 Scale Barding Armor
22:32 Bow Saw
26:16 Chain Barding Armor
26:28 Forging
31:13 Husbandry
32:08 Gold Mining
33:06 Iron Casting
Bandolero
0:26 Loom
9:25 Feudal Age
12:58 Double-Bit Axe
23:05 Castle Age
21:24 Fletching
24:32 Padded Archer Armor
24:44 Gold Mining
24:21 Crossbowman
26:09 Wheelbarrow
27:11 Bodkin Arrow
27:18 Stone Mining
32:00 Leather Archer Armor
31:46 Town Watch
Connection lost

Rejoining the realm…

Still unreachable

The connection could not be restored.

Session expired

The server has moved on; the page needs a fresh start.